AoeStats
← TheAxSkirm

Golden Pit

509176126Analyzed
1v1 RM · 7d ago on Sep 25, 2026· 42m 29s· 2 players
Game mode
Random Map
Map size
Tiny (2 player)
Population
200
Speed
Normal
Resources
Standard
Victory
Conquest
Starting age
Dark Age
Ending age
Imperial Age
RankedLock teamsTeams togetherTeam positionsShared explorationLock speedFull tech treeHidden civsTurbo modeCheats
Victory
Defeat
🇩🇰 Berbers · Denmark
1173
+15
🇵🇹 Hindustanis · Portugal
1152
-15
Tlitado
5:13 Loom
9:03 Feudal Age
11:34 Wheelbarrow
11:42 Bloodlines
15:24 Double-Bit Axe
21:48 Castle Age
23:34 Bow Saw
26:51 Husbandry
28:23 Horse Collar
29:51 Heavy Plow
34:34 Fletching
38:38 Imperial Age
36:23 Gold Mining
36:23 Stone Mining
37:50 Gold Shaft Mining
38:25 Sanctity
38:36 Bodkin Arrow
41:51 Siege Elephant
TheAxSkirm
7:04 Loom
7:33 Loom
10:07 Feudal Age
22:26 Castle Age
21:20 Fletching
22:12 Forging
22:36 Double-Bit Axe
23:28 Pikeman
24:11 Bodkin Arrow
24:17 Padded Archer Armor
25:54 Scale Mail Armor
33:19 Leather Archer Armor
33:42 Iron Casting
33:22 Chain Mail Armor
38:43 Imperial Age
37:00 Ballistics
38:36 Bow Saw
38:10 Horse Collar
39:22 Bloodlines
41:44 Scale Barding Armor
Connection lost

Rejoining the realm…

Still unreachable

The connection could not be restored.

Session expired

The server has moved on; the page needs a fresh start.